 Dungeon Crawl Stone Soup version 0.23.1 (webtiles) character file.

Game seed: 5538799649832029322

36 Kniotic the Insei (level 3, -2/26 HPs)
             Began as a Demonspawn Transmuter on Mar 2, 2019.
             Slain by a hobgoblin
             ... wielding a +0 club
              (7 damage)
             ... on level 2 of the Dungeon.
             The game lasted 00:01:38 (1075 turns).

Kniotic the Insei (Demonspawn Transmuter)           Turns: 1075, Time: 00:01:39

Health: -2/26      AC:  2    Str: 10    XL:     3   Next: 19%
Magic:  5/6        EV: 12    Int: 14    God:
Gold:   28         SH:  0    Dex: 14    Spells: 6/7 levels left

rFire    . . .     SeeInvis .     - Unarmed
rCold    . . .     Gourm    .   (no shield)
rNeg     . . .     Faith    .   b - +0 robe
rPois    .         Spirit   .   (no helmet)
rElec    .         Reflect  .   (no cloak)
rCorr    .         Harm     .   (no gloves)
MR       .....                  (boots currently unavailable)
Stlth    +.........             (no amulet)
HPRegen  0.08/turn              (no ring)
MPRegen  0.10/turn              (no ring)

@: lethally poisoned (-2 -> -11), appendage (expiring)
A: claws 1, talons 3
a: End Transformation


You were on level 2 of the Dungeon.
You were not hungry.
You had grown temporary talons.
You visited 1 branch of the dungeon, and saw 2 of its levels.

You collected 28 gold pieces.

Inventory:

Hand Weapons
 h - a +2 short sword of venom
Missiles
 a - 12 arrows
Armour
 b - a +0 robe (worn)
Jewellery
 f - an uncursed ring of wizardry {unknown}
Scrolls
 e - 2 scrolls of identify {unknown}
 g - 2 scrolls of remove curse {unknown}
Potions
 i - a potion of agility {unknown}
Comestibles
 c - 3 chunks of flesh
 d - 2 rations


   Skills:
 - Level 1.0 Fighting
 - Level 1.7 Dodging
 * Level 3.6 Unarmed Combat
 + Level 2.5 Spellcasting
 - Level 1.7 Transmutations


You had 6 spell levels left.
You knew the following spells:

 Your Spells              Type           Power        Failure   Level  Hunger
a - Beastly Appendage     Tmut           #.....       11%         1    #......

Your spell library contained the following spells:

 Spells                   Type           Power        Failure   Level  Hunger
 Sticks to Snakes         Tmut           #.......     17%         2    ###....
 Spider Form              Tmut/Pois      #.........   43%         3    ###....
 Ice Form                 Ice/Tmut       #.......     83%         4    #####..
 Blade Hands              Tmut           #.........   97%         5    ######.


Dungeon Overview and Level Annotations

Branches:
Dungeon (2/15)

Altars:


Innate Abilities, Weirdness & Mutations

You have sharp fingernails.
You have claws for feet.


Message History

The adder is severely wounded.
The bat closely misses you. The adder completely misses you.
The adder bites you.
Some of the chunks of flesh in your inventory have rotted away.
You miss the adder. Your kick misses the adder.
The adder is severely wounded.
You feel sick. The bat hits you but does no damage.
A jackal comes into view.
The adder bites you.
* * * LOW HITPOINT WARNING * * *
You closely miss the adder.
The jackal barks!
Your kick misses the adder.
The adder is severely wounded.
You hear a bark! x2
The adder bites you.
* * * LOW HITPOINT WARNING * * *
You are more poisoned.
The adder poisons you! The hobgoblin hits you with a +0 club!
You die...

#.....# #....####
###.#####.##........
..#.#####.#####..)..
######.#>........ +.....
.......#.###.#.## #.....
#.....#.................
.#.....#.#...###.######.#
..h......g...# #.#
.#######@#...... #..
#S###.#.# ##. ... .# # #.
##.#. . #.#.# ## #.# .
#.# ## #.#


You could see an adder, a jackal and a hobgoblin.

Vanquished Creatures
  An adder (D:2)
  4 bats (D:1)
  A giant cockroach (D:1)
  2 hobgoblins (D:1)
  3 jackals (D:1)
  5 kobolds
  A frilled lizard (D:1)
  5 goblins (D:1)
  2 rats (D:1)
24 creatures vanquished.

Notes
Turn   | Place    | Note
-------+----------+-------------------------------------------
     0 | D:1      | Kniotic the Demonspawn Transmuter began the quest for the
                  | Orb.
     0 | D:1      | Reached XP level 1. HP: 15/15 MP: 3/3
   199 | D:1      | Reached skill level 3 in Unarmed Combat
   254 | D:1      | Gained mutation: You have sharp fingernails. [demonic
                  | ancestry]
   254 | D:1      | Reached XP level 2. HP: 14/21 MP: 5/5
  1067 | D:2      | Reached XP level 3. HP: 24/26 MP: 6/6
  1075 | D:2      | Slain by a hobgoblin

Skill      XL: |  1 |
---------------+----+-----
Unarmed Combat | 3 |  3.6
Fighting       | |  1.0
Dodging        | |  1.7
Spellcasting   | |  2.5
Transmutations | |  1.7

Action                   || total
-------------------------++-------
Melee: Unarmed           ||    70
 Cast: Beastly Appendage ||     3
  Use: Potion            ||     1
 Stab: Sleeping          ||     1
  Eat: Chunk             ||     1
Armor: Robe              ||    21
Dodge: Dodged            ||    53
